 Dungeon Crawl Stone Soup version 0.31-a0-267-g3fc6992b3b (webtiles) character file.

Game seed: 16950409464121666065

28 qw the Shooter (level 3, -1/21 HPs)
             Began as a Gargoyle Hexslinger on July 13, 2023.
             Slain by a kobold
             ... wielding a +0 whip
              (2 damage)
             ... on level 2 of the Dungeon.
             The game lasted 00:00:18 (675 turns).

qw the Shooter (Gargoyle Hexslinger)                 Turns: 675, Time: 00:00:19

Health: -1/21      AC:  5    Str: 11    XL:     3   Next: 12%
Magic:  4/4        EV: 12    Int: 13    God:
Gold:   24         SH:  0    Dex: 14    Spells: 3/4 levels left

rFire   . . .        Y - +1 sling
rCold   + . .        (no shield)
rNeg    + . .        c - +0 robe
rPois   inf          (no helmet)
rElec   +            (no cloak)
rCorr   .            (no gloves)
SInv    .            (no boots)
Will    .....        (no amulet)
Stlth   +            (no ring)
HPRegen 0.23/turn    (no ring)
MPRegen 0.09/turn

%: clarity
@: no status effects
A: sickness immunity, AC +3, negative energy resistance 1, electricity
resistance, torment resistance 1, petrification resistance, clarity, cold
resistance 1
a: no special abilities


You were on level 2 of the Dungeon.
You visited 1 branch of the dungeon, and saw 2 of its levels.

You collected 24 gold pieces.


Innate Abilities, Weirdness & Mutations

You are immune to sickness and miasma.
Your stone body is resilient. (AC +3)
You are immune to poison.
You resist negative energy. (rN+)
You are resistant to electric shocks. (rElec)
You are resistant to unholy torment.
You are immune to petrification.
You possess an exceptional clarity of mind.
Your flesh is cold resistant. (rC+)


   Skills:
 - Level 2.0 Fighting
 + Level 3.1 Ranged Weapons
 - Level 1.5 Dodging
 - Level 1.0 Spellcasting
 - Level 2.6 Hexes


You had 3 spell levels left.
You knew the following spells:

 Your Spells              Type           Power      Damage    Failure   Level
a - Slow                  Hex            28%        N/A       10%         1

Your spell library contained the following spells:

 Spells                   Type           Power      Damage    Failure   Level
 Inner Flame              Hex/Fire       4%         N/A       43%         3
 Portal Projectile        Hex/Tloc       8%         N/A       43%         3
 Cause Fear               Hex            3%         N/A       67%         4

Inventory:

Hand Weapons
 Y - a +1 sling (weapon)
Armour
 c - a +0 robe (worn)
Scrolls
 a - a scroll of teleportation {unknown}
Potions
 b - a potion of might {unknown}
 e - a potion of mutation
 f - a potion of invisibility {unknown}
 g - a potion of curing {unknown}

Dungeon Overview and Level Annotations

Branches:
Dungeon (2/15)

Altars:


Message History

The kobold barely misses you. The kobold closely misses you. x2
The kobold misses you.
You shoot a sling bullet. The sling bullet hits the kobold.
The kobold is moderately wounded.
The kobold hits you with a +0 whip.
The kobold hits you with a +1 dagger of venom.
The kobold hits you but does no damage. The kobold barely misses you.
You shoot a sling bullet. The sling bullet hits the kobold.
The kobold is heavily wounded.
The kobold misses you. The kobold hits you with a +0 whip. x2
The kobold hits you but does no damage. The kobold barely misses you.
The kobold completely misses you. The kobold closely misses you. x2
You shoot a sling bullet. The sling bullet hits the kobold.
The kobold is severely wounded.
The kobold barely misses you. x2; The kobold misses you.
The kobold hits you with a +0 whip.
You shoot a sling bullet.
The sling bullet closely misses the kobold.
The kobold hits you with a +0 whip. The kobold misses you.
The kobold hits you but does no damage.
The kobold hits you with a +1 dagger of venom.
You shoot a sling bullet.
The sling bullet completely misses the kobold.
The kobold barely misses you. The kobold hits you but does no damage.
The kobold misses you. The kobold hits you but does no damage.
You shoot a sling bullet. The sling bullet hits the kobold!
You kill the kobold!
The kobold hits you but does no damage. x2; The kobold barely misses you.
The kobold closely misses you. x2; The kobold hits you but does no damage.
You shoot a sling bullet.
The sling bullet barely misses the kobold.
The kobold barely misses you. The kobold closely misses you. x2
You shoot a sling bullet. The sling bullet hits the kobold.
The kobold is severely wounded.
The kobold barely misses you. The kobold hits you with a +0 whip.
The kobold closely misses you.
You shoot a sling bullet. The sling bullet hits the kobold.
You kill the kobold!
The kobold hits you with a +0 whip.
You die...

#.......#
#####..#.##.#####
#......#........#
###########.###.#
### #.# #.# ....
####.###.#
$....##.#......#
.(....KK#..#####
......)@...#
......).####
.....##.# .$..
### ###


You could see 2 kobolds.

Vanquished Creatures
  An endoplasm (D:1)
  2 giant cockroaches
  2 goblins
  3 hobgoblins (D:1)
  3 jackals (D:1)
  A quokka (D:1)
  3 ball pythons
  4 bats
  4 kobolds (D:2)
  2 rats (D:1)
25 creatures vanquished.

Notes
Turn   | Place    | Note
-------+----------+-------------------------------------------
     0 | D:1      | qw the Gargoyle Hexslinger began the quest for the Orb.
     0 | D:1      | Reached XP level 1. HP: 12/12 MP: 2/2
     0 | D:1      | 0 ||| qw: Version: 0.3-a-52-g30416fa
     0 | D:1      | 0 ||| qw: Game counter: 7706
     0 | D:1      | 0 ||| qw: Melee chars always use a shield: true
     0 | D:1      | 0 ||| qw: God list: Okawaru
     0 | D:1      | 0 ||| qw: Allow faded altars: false
     0 | D:1      | 0 ||| qw: Do Orc after clearing Dungeon:15 true
     0 | D:1      | 0 ||| qw: Do second Lair branch before Depths: true
     0 | D:1      | 0 ||| qw: Lair rune preference: random
     0 | D:1      | 0 ||| qw: Goals: Normal
     0 | D:1      | 0 ||| PLANNING D:1-11
   157 | D:1      | Reached XP level 2. HP: 16/16 MP: 3/3
   221 | D:1      | Reached skill level 3 in Ranged Weapons
   520 | D:1      | 520 ||| READING scroll labelled OQORUATIRE.
   521 | D:1      | 521 ||| DRINKING 2 purple potions.
   521 | D:1      | Gained mutation: Your flesh is cold resistant. (rC+)
                  | [potion of mutation]
   521 | D:1      | Gained mutation: You possess an exceptional clarity of
                  | mind. [potion of mutation]
   522 | D:1      | 522 ||| DROPPING scroll of poison.
   551 | D:2      | 551 ||| STAIRDANCE
   623 | D:2      | Reached XP level 3. HP: 21/21 MP: 4/4
   670 | D:2      | HP: 2/21 [kobold/+1 dagger of venom (4)]
   675 | D:2      | Slain by a kobold

Levels and vault maps discovered:
D:1:      heliophobic_arrival_battle_scene, layout_basic,
          chequers_serial_rivers_room_a
D:2:      cheibrodos_fertilizer, layout_basic, hangedman_decor_riveting

Skill      XL: |  1  2 |
---------------+-------+-----
Ranged Weapons | 3 |  3.1
Fighting       | 2 |  2.0
Dodging        | |  1.5
Spellcasting   | |  1.0
Hexes          | |  2.6

Action                     || total
---------------------------++-------
   Fire: Sling             ||    91
    Use: Scroll            ||     1
         Potion            ||     1
 Armour: Robe              ||    31
  Dodge: Dodged            ||    78

Table legend:
 A = Non-vault XP
 B = Vault XP
 C = Vault XP percentage of total XP
 D = Non-vault monster count
 E = Vault monster count
 F = Vault count percentage of total count
                 A         B        C        D         E       F
            +---------+---------+-------+---------+---------+-------
      Total |      35 |       6 |  14.6 |      21 |       4 |  16.0
            +---------+---------+-------+---------+---------+-------
        D:1 |      28 |       0 |   0.0 |      16 |       0 |   0.0
        D:2 |       7 |       6 |  46.2 |       5 |       4 |  44.4
            +---------+---------+-------+---------+---------+-------
